 Dungeon Crawl Stone Soup version 0.29-a0-392-g297d3b089c (webtiles) character file.

Game seed: 355867301485587145

566 dolemite99 the Cleaver (level 7, 0/57 HPs)
             Began as a Minotaur Abyssal Knight on May 9, 2022.
             Was a Believer of Lugonu.
             Succumbed to a killer bee's poison
             ... on level 3 of the Dungeon.
             The game lasted 00:03:36 (7218 turns).

dolemite99 the Cleaver (Minotaur Abyssal Knight)    Turns: 7218, Time: 00:03:36

Health: 0/57       AC:  6    Str: 19    XL:     7   Next: 10%
Magic:  7/7        EV: 10    Int:  7    God:    Lugonu [**....]
Gold:   161        SH:  0    Dex: 11    Spells: 6/6 levels left

rFire   . . .      SeeInvis .   a - +1 hand axe
rCold   . . .      Faith    .   k - orb {*channel}
rNeg    . . .      Spirit   .   f - +0 ring mail
rPois   .          Reflect  .   (helmet restricted)
rElec   .          Harm     .   j - +0 cloak
rCorr   +          Rampage  .   (no gloves)
Will    .....                   (no boots)
Stlth   +.........              (no amulet)
HPRegen 0.19/turn               e - ring of resist corrosion
MPRegen 0.10/turn               g - ring of flight

@: lethally poisoned (0 -> -11), flying
A: horns 2, retaliatory headbutt
a: Renounce Religion, Depart the Abyss, Bend Space


You were on level 3 of the Dungeon.
You worshipped Lugonu.
Lugonu was pleased with you.
You visited 1 branch of the dungeon, and saw 4 of its levels.
You visited the Abyss 1 time.

You collected 161 gold pieces.

Inventory:

Hand Weapons
 a - a +1 hand axe (weapon)
Missiles
 c - 9 poisoned darts
 d - 92 stones
Armour
 b - a +0 leather armour
 f - a +0 ring mail (worn)
 j - a +0 cloak (worn)
 k - an orb of energy (worn)
Magical Staves
 l - a staff of air
Jewellery
 e - a ring of resist corrosion (left hand)
 g - a ring of flight (right hand)
Scrolls
 n - a scroll of magic mapping
Potions
 h - 2 potions of magic


   Skills:
 - Level 3.6 Fighting
 + Level 9.4 Axes
 - Level 2.4 Armour
 - Level 1.1 Dodging
 - Level 1.7 Invocations


You had 6 spell levels left.
You didn't know any spells.
Your spell library contained the following spells:

 Spells                   Type           Power      Damage    Failure   Level
 Borgnjor's Revivificati  Necr           0%         N/A       100%        8
 Necromutation            Tmut/Necr      0%         N/A       100%        8
 Death's Door             Necr           0%         N/A       100%        9


Dungeon Overview and Level Annotations

Branches:
Dungeon (4/15)
 Temple: D:4-7

Altars:

Annotations:
D:3 exclusion: 2 downstairs


Innate Abilities, Weirdness & Mutations

You have a pair of horns on your head.
You reflexively headbutt those who attack you in melee.


Message History

You miss the killer bee.
You feel sick. The killer bee barely misses you.
You barely miss the killer bee.
You feel sick. The killer bee stings you.
The killer bee stings you but does no damage.
You miss the killer bee.
You feel sick.
You are no longer poisoned.
The killer bee closely misses you.
You barely miss the killer bee. The killer bee closely misses you.
The killer bee stings you!
You hit the killer bee but do no damage.
Your headbutt misses the killer bee. The killer bee barely misses you. x2
You closely miss the killer bee. The killer bee stings you.
You are poisoned.
The killer bee poisons you!
You barely miss the killer bee.
You feel very sick. The killer bee stings you.
* * * LOW HITPOINT WARNING * * *
You are lethally poisoned!
The killer bee poisons you! The killer bee barely misses you.
You hit the killer bee.
The killer bee is moderately wounded.
* * * LOW HITPOINT WARNING * * *
You feel very sick.
The killer bee stings you but does no damage. x2
You hit the killer bee.
The killer bee is heavily wounded.
* * * LOW HITPOINT WARNING * * *
You feel very sick. The killer bee stings you!
* * * LOW HITPOINT WARNING * * *
You miss the killer bee. Your headbutt misses the killer bee.
The killer bee is heavily wounded.
* * * LOW HITPOINT WARNING * * *
You feel sick. The killer bee closely misses you.
The killer bee barely misses you.
Your magic is already full.
You closely miss the killer bee. You headbutt the killer bee!
You kill the killer bee!
Lugonu accepts your kill.
You die...

#...........#
######.#######...#
........# #...#
######..# #...#
#..# #...# #..#
##..# #..# #..#
#..# #.)# #..#
######@###
######..#
#......[.#
........#
#........#
#######.#
#........# #.#
#........# #.#
########## #.# #.#
#.#


There were no monsters in sight!

Vanquished Creatures
  A centaur (D:4)
  A phantom (D:3)
  A scorpion (D:4)
  3 killer bees
  A gnoll shaman (D:3)
  Jessica (D:2)
  Terence (D:2)
  Natasha (twice) (D:3)
  5 gnolls
  5 adders
  A worm (D:2)
  8 endoplasms
  4 goblins
  4 hobgoblins
  2 quokkas
  4 ball pythons
  4 bats
  2 frilled lizards
  7 kobolds
  2 rats (D:1)
59 creatures vanquished.

Notes
Turn   | Place    | Note
-------+----------+-------------------------------------------
     0 | Abyss:1  | dolemite99 the Minotaur Abyssal Knight began the quest for
                  | the Orb.
     0 | Abyss:1  | Reached XP level 1. HP: 19/19 MP: 1/1
    50 | Abyss:1  | Found a corrupted altar of Lugonu.
    84 | Abyss:1  | Noticed a bunyip zombie
    85 | Abyss:1  | Noticed a raiju
    90 | D:1      | Escaped the Abyss
   205 | D:1      | Reached skill level 3 in Axes
   327 | D:1      | Reached XP level 2. HP: 14/26 MP: 2/2
   681 | D:1      | Reached skill level 4 in Axes
  1028 | D:2      | Found a faded altar of an unknown god.
  1039 | D:2      | Reached XP level 3. HP: 29/31 MP: 3/3
  1401 | D:2      | Noticed Jessica
  1405 | D:2      | Killed Jessica
  1406 | D:2      | Reached skill level 5 in Axes
  1648 | D:2      | Reached XP level 4. HP: 39/39 MP: 4/4
  1776 | D:2      | Noticed Terence
  1796 | D:2      | Killed Terence
  2956 | D:3      | Noticed Natasha
  2962 | D:3      | Killed Natasha
  2963 | D:3      | Reached skill level 6 in Axes
  3132 | D:3      | Reached XP level 5. HP: 45/45 MP: 5/5
  3589 | D:3      | Noticed Natasha
  3595 | D:3      | Killed Natasha
  3823 | D:4      | Noticed a lemure
  3823 | D:4      | Noticed a phantom
  3835 | D:3      | Killed a phantom
  3836 | D:3      | Reached skill level 7 in Axes
  4053 | D:3      | Reached XP level 6. HP: 32/51 MP: 6/6
  4055 | D:3      | Reached skill level 8 in Axes
  6737 | D:4      | Reached skill level 9 in Axes
  6737 | D:4      | Reached XP level 7. HP: 33/57 MP: 7/7
  7217 | D:3      | HP: 2/57 [poisoned by a killer bee]
  7218 | D:3      | Succumbed to a killer bee's poison

Illustrated notes

Levels and vault maps discovered:
D:1:      saegor_arrival_simple_a, layout_basic
D:2:      layout_basic, nicolae_ecumenical_pavilion, uniq_terence, uniq_jessica
D:3:      layout_basic, uniq_natasha
D:4:      layout_cave_pools, minmay_misc_feat_cross, minmay_misc_feat_square,
          uniq_sigmund, uniq_pikel

Skill      XL: |  1  2  3  4  5  6 |
---------------+-------------------+-----
Axes           | 3 4 5 6 7 9 |  9.4
Fighting       | |  3.6
Armour         | |  2.4
Dodging        | |  1.1
Invocations    | |  1.7

Action                   |  1- 3 |  4- 6 |  7- 9 || total
-------------------------+-------+-------+-------++-------
Melee: Hand axe          |    50 |    95 |    16 ||   161
       Punch             |     1 |       |       ||     1
       Headbutt          |     3 |     9 |     2 ||    14
Invok: Depart the Abyss  |     1 |       |       ||     1
  Use: Potion            |       |     4 |     1 ||     5
       Scroll            |       |     4 |       ||     4
Armor: Leather armour    |    19 |     2 |       ||    21
       Ring mail         |       |    25 |     5 ||    30
Dodge: Dodged            |    32 |    64 |    17 ||   113

Table legend: (Time is in decaauts)
 A = Elapsed time spent in this place.
 B = Non-inter-level travel time spent in this place.
 C = Inter-level travel time spent in this place.
 D = Time resting spent in this place.
 E = Time spent auto-exploring this place.
 F = Levels seen in this place.
 G = Mean time per level.
                   A        B        C        D        E       F      G
               +--------+--------+--------+--------+--------+-----+--------+
         Total |   7223 |   6999 |    224 |   3495 |   2840 |   5 | 1444.6 |
       Dungeon |   7133 |   6909 |    224 |   3495 |   2756 |   4 | 1783.2 |
         Abyss |     90 |     90 |      0 |      0 |     84 |   1 |   90.0 |
               +--------+--------+--------+--------+--------+-----+--------+

Top non-repeatable levels by time:
     D:3: 3942 daAuts
     D:2: 1804 daAuts
     D:1: 941 daAuts
     D:4: 444 daAuts
 Abyss:1: 90 daAuts
